 Dungeon Crawl Stone Soup version 0.17-a0-1-g1f4be75 (webtiles) character file.

3295 oshikia the Skirmisher (level 9, 0/108 HPs)
             Began as a Demonspawn Gladiator on Mar 4, 2015.
             Was a Priest of Dithmenos.
             Slain by a water moccasin (7 damage)
             ... on level 8 of the Dungeon.
             The game lasted 00:20:05 (8213 turns).

oshikia the Skirmisher (Demonspawn Gladiator)       Turns: 8213, Time: 00:20:05

Health: 0/108      AC:  5    Str: 20    XL:     9   Next: 69%
Magic:  18/18      EV: 18    Int:  9    God:    Dithmenos [***...]
Gold:   359        SH:  0    Dex: 22    Spells: 0 memorised, 8 levels left

rFire  . . .     SeeInvis .     n - +1 scythe (slice)
rCold  . . .     Clarity  .     b - +0 leather armour
rNeg   . . .     SustAb   .     (no shield)
rPois  +         Gourm    .     c - +0 helmet
rElec  .         Spirit   .     (no cloak)
rCorr  .         Warding  .     (no gloves)
rMut   .         Stasis   .     F - +0 pair of boots
MR     .....                    (no amulet)
Stlth  ..........               E - ring of poison resistance
                                h - ring of magical power

@: berserking, wreathed by umbra, very quick, not resistant to hostile
enchantments, extremely unstealthy
A: thin skeletal structure 2, powered by death 2, powered by pain 1
a: Shadow Step, Renounce Religion


You were on level 8 of the Dungeon.
You worshipped Dithmenos.
Dithmenos was most pleased with you.
You were hungry.

You visited 2 branches of the dungeon, and saw 9 of its levels.
You also visited: Sewer.

You collected 415 gold pieces.
You spent 56 gold pieces at shops.

Inventory:

Hand weapons
 a - a +0 trident
 n - a +1 scythe of slicing (weapon)
Missiles
 i - 10 tomahawks
 D - a throwing net (quivered)
Armour
 b - a +0 leather armour (worn)
 c - a +0 helmet (worn)
 F - a +0 pair of boots (worn)
Jewellery
 h - a ring of magical power (left hand)
 u - an uncursed ring of fire
 E - a ring of poison resistance (right hand)
Magical devices
 e - a wand of magic darts (18)
 o - a wand of enslavement (21)
 q - a wand of digging (11)
 v - a wand of cold (6)
 P - a wand of magic darts (31)
Scrolls
 d - 3 scrolls of enchant armour {unknown}
 g - 6 scrolls of teleportation
 j - a scroll of recharging
 l - 3 scrolls of remove curse
 r - a scroll of amnesia
 y - a scroll of blinking
 z - 3 scrolls of random uselessness {unknown}
 A - a scroll of enchant weapon {unknown}
 C - 4 scrolls of identify
 G - a scroll of fear {unknown}
 H - a scroll of magic mapping {unknown}
Potions
 k - 2 potions of cure mutation
 m - a potion of berserk rage
 p - a potion of flight {unknown}
 s - 3 potions of restore abilities {unknown}
 t - a potion of resistance
 w - 3 potions of ambrosia {unknown}
 x - a potion of lignification {unknown}
 B - a potion of haste {unknown}
 L - a potion of magic {unknown}
 M - a potion of poison {unknown}
Books
 K - a book of Annihilations {highlevel, unknown}

   This book is beyond your current level of understanding.

   Spells                             Type                      Level
   a - Poison Arrow                   Conjuration/Poison           6
   b - Chain Lightning                Conjuration/Air              8
   c - Lehudib's Crystal Spear        Conjuration/Earth            8
   d - Glaciate                       Conjuration/Ice              9
   e - Fire Storm                     Conjuration/Fire             9
Comestibles
 f - 7 bread rations
 I - a slice of pizza
 J - a beef jerky
 O - 24 fruits


   Skills:
 + Level 7.1 Fighting
 + Level 6.8 Polearms
 - Level 2.9 Throwing
 - Level 2.1 Armour
 + Level 6.6 Dodging
 + Level 6.0 Stealth


You had 8 spell levels left.
You didn't know any spells.

Dungeon Overview and Level Annotations

Branches:
Dungeon (8/15)             Temple (1/1) D:4
   Lair: D:8-11

Altars:
Ashenzari
Cheibriados
Dithmenos
Fedhas
Gozag
Kikubaaqudgha
Makhleb
Qazlal
Ru
Trog
Vehumet
Xom
Zin
The Shining One
Jiyva

Shops:
D:7 !   D:8 [

Annotations:
D:8 exclusion: obsidian statue


Innate Abilities, Weirdness & Mutations

You have a moderately thin skeletal structure (Dex +4, Stealth+).
You can steal the life force of defeated enemies.
You sometimes gain a little power by taking damage.


Message History

* * * LOW HITPOINT WARNING * * *
The water moccasin misses you.
You closely miss the water moccasin. The water moccasin misses you.
You closely miss the water moccasin. The water moccasin closely misses you.
The deep elf fighter gestures wildly while chanting.
The deep elf fighter blinks!
The water moccasin bites you.
* * * LOW HITPOINT WARNING * * *
You closely miss the water moccasin. The water moccasin bites you.
* * * LOW HITPOINT WARNING * * *
You slash the water moccasin!
The water moccasin is heavily wounded.
The water moccasin bites you.
* * * LOW HITPOINT WARNING * * *
The water moccasin barely misses you.
You barely miss the water moccasin.
The water moccasin is heavily wounded.
The water moccasin closely misses you.
The deep elf fighter gestures wildly while chanting.
The deep elf fighter blinks!
The water moccasin bites you!
You die...

#.#..P...P..P...
## ##
#...(rP.P.....P.#
# .#
#..†P.P.P..P.#
##..## .#
#..†P.P.P..#
#...## .#
#.#..e...###
##...#. ##
#.###rJ###
###....#.
######### #.#
#b## ####......#.
........# #.# #S#
8).......#.
#######.# #.# #@#
#......#.
#.####.# #.#
#....#. #.#.<..#
#.# ##...#.
#.#.#### #.#
#...#. #.#.†.#
#.# ##..#.
#.###.# #.####
#..## #.# #.#
#....# #..# #†#
#.# ####.# #..#
#.# #.# #.# #..#


You could see a water moccasin, a deep elf fighter, a jelly, a bat and a rat.

Vanquished Creatures
  Grinder (D:5)
  A hungry ghost (D:7)
  Eustachio (D:4)
  Edmund (D:5)
  A water moccasin (D:6)
  2 sky beasts
  An eye of draining (D:8)
  3 ice beasts (D:8)
  An orc warrior (D:8)
  A centaur (D:7)
  2 ogres
  A wasp (D:8)
  Sigmund (D:3)
  2 big kobolds
  A crocodile (Sewer)
  Blork the orc (D:8)
  2 giant frogs
  3 scorpions
  A wyvern zombie (D:8)
  5 crimson imps
  A jelly (D:7)
  3 hounds
  5 orc priests
  2 iguanas (D:4)
  5 orc wizards
  4 worker ants
  Ijyb (D:2)
  Jessica (D:3)
  A worker ant zombie (D:7)
  3 adders
  2 river rats (D:8)
  2 worms
  An adder skeleton (D:5)
  2 giant geckos
  An ooze (D:7)
  12 orcs
  A ball python (D:3)
  A bat skeleton (D:5)
  A bat zombie (D:7)
  10 giant cockroaches
  10 goblins
  13 hobgoblins
  6 jackals
  6 quokkas
  25 bats
  A giant gecko skeleton (D:5)
  A giant newt (D:3)
  19 kobolds
  A quokka skeleton (D:5)
  15 rats
188 creatures vanquished.

Vanquished Creatures (others)
  4 fungi (D:8)
4 creatures vanquished.

Grand Total: 192 creatures vanquished

Notes
Turn   | Place    | Note
--------------------------------------------------------------
     0 | D:1      | oshikia, the Demonspawn Gladiator, began the quest for the Orb.
     0 | D:1      | Reached XP level 1. HP: 16/16 MP: 1/1
   260 | D:1      | Gained mutation: You have a somewhat thin skeletal structure (Dex +2, Stealth). [demonic ancestry]
   260 | D:1      | Reached XP level 2. HP: 22/22 MP: 2/2
   586 | D:1      | Reached skill level 3 in Polearms
   754 | D:2      | Gained mutation: You sometimes gain a little power by taking damage. [demonic ancestry]
   754 | D:2      | Reached XP level 3. HP: 20/28 MP: 3/3
   968 | D:2      | Noticed Ijyb
   986 | D:2      | Killed Ijyb
  1670 | D:2      | Found a shattered altar of Ashenzari.
  1671 | D:2      | Found an opulent altar of Gozag.
  2102 | D:3      | Noticed Sigmund
  2411 | D:3      | Killed Sigmund
  2411 | D:3      | Reached skill level 1 in Armour
  2411 | D:3      | Gained mutation: You can steal the life force of nearby defeated enemies. [demonic ancestry]
  2411 | D:3      | Reached XP level 4. HP: 6/34 MP: 4/4
  2465 | D:3      | Found a glowing drain.
  2481 | Sewer    | Entered a sewer
  2486 | Sewer    | Reached XP level 5. HP: 40/40 MP: 5/5
  2522 | Sewer    | Noticed a crocodile
  2532 | Sewer    | Killed a crocodile
  2850 | D:3      | Noticed Jessica
  2855 | D:3      | Killed Jessica
  3099 | D:4      | Noticed Eustachio
  3518 | D:4      | Reached XP level 6. HP: 18/47 MP: 6/6
  3689 | D:4      | Found a staircase to the Ecumenical Temple.
  3699 | Temple   | Entered the Ecumenical Temple
  3748 | Temple   | Became a worshipper of Dithmenos the Shadowed
  3820 | D:4      | Found a snail-covered altar of Cheibriados.
  3832 | D:4      | Reached skill level 4 in Polearms
  4006 | D:4      | Reached skill level 1 in Stealth
  4051 | D:4      | Killed Eustachio
  4051 | D:4      | Gained mutation: You can steal the life force of defeated enemies. [demonic ancestry]
  4051 | D:4      | Reached XP level 7. HP: 43/53 MP: 7/7
  4482 | D:5      | Entered Level 5 of the Dungeon
  4527 | D:5      | Noticed Edmund
  4555 | D:5      | Killed Edmund
  5128 | D:5      | Reached skill level 5 in Polearms
  5128 | D:5      | Reached XP level 8. HP: 49/61 MP: 8/8
  5236 | D:5      | Reached skill level 5 in Dodging
  5297 | D:5      | Noticed Grinder
  5318 | D:5      | Paralysed by Grinder for 5 turns
  5326 | D:5      | HP: 1/61 [Grinder/nerve-wracking pain (12)]
  5327 | D:5      | Killed Grinder
  5327 | D:5      | Reached skill level 5 in Fighting
  5693 | D:6      | Found a glowing silver altar of Zin.
  6131 | D:6      | Found a stormy altar of Qazlal.
  6733 | D:7      | Acquired Dithmenos' first power
  6757 | D:7      | Reached skill level 6 in Fighting
  6757 | D:7      | Gained mutation: You have a moderately thin skeletal structure (Dex +4, Stealth+). [demonic ancestry]
  6757 | D:7      | Reached XP level 9. HP: 35/69 MP: 9/9
  7094 | D:7      | Found Graeq's Distillery.
  7102 | D:7      | Bought a potion of degeneration for 14 gold pieces
  7102 | D:7      | Bought a potion of curing for 42 gold pieces
  7221 | D:8      | Reached skill level 5 in Stealth
  7364 | D:8      | Noticed Blork the orc
  7375 | D:8      | Killed Blork the orc
  7388 | D:8      | Found a shimmering altar of Xom.
  7388 | D:8      | Found a shimmering altar of Xom.
  7389 | D:8      | Found a shimmering altar of Xom.
  7389 | D:8      | Found a shimmering altar of Xom.
  7389 | D:8      | Found a shimmering altar of Xom.
  7389 | D:8      | Found a shimmering altar of Xom.
  7445 | D:8      | Noticed an obsidian statue
  7529 | D:8      | Found Pnusty's Armour Boutique.
  8069 | D:8      | Reached skill level 7 in Fighting
  8179 | D:8      | Acquired Dithmenos' second power
  8213 | D:8      | Slain by a water moccasin

Action                   |  1- 3 |  4- 6 |  7- 9 || total
-------------------------+-------+-------+-------++-------
Melee: Trident           |   137 |     1 |       ||   138
       Scythe            |       |   127 |   402 ||   529
Throw: Tomahawk          |     5 |       |     1 ||     6
       Throwing net      |     3 |     3 |     5 ||    11
  Use: Potion            |     2 |       |     6 ||     8
       Scroll            |       |     6 |       ||     6
 Stab: Held in net/web   |     1 |     4 |     2 ||     7
       Sleeping          |       |     1 |    21 ||    22
       Distracted        |       |     1 |     3 ||     4
  Eat: Chunk             |     2 |     3 |     8 ||    13
       Beef jerky        |     2 |     1 |       ||     3
       Meat ration       |       |       |     2 ||     2
